cohdb
Replays
Latest Replays
All Replays
Popular Replays
Top Player Replays
Match Explorer
How It Works
Community
CoH3 Stats
Reddit
Sign in to upload your games and track your stats! →
Sign in with Steam
Match 37931079
Unlisted
Match 37931079
Overview
Messages
Build Orders
End
Selects Special Operations Battlegroup
Selects M29 Weasel Recon Vehicle
M29 Weasel Recon Vehicle
Scout Squad
Construct Weapon Support Center
M1919 Machine Gun Team
M1919 Machine Gun Team
Infantry Support Center
M3 Armored Personnel Carrier
M3 Armored Personnel Carrier
Construct Medical Station
M3 Armored Personnel Carrier
Engineer Squad
M1919 Machine Gun Team
zankdz
REGULATOR
0
0
Comments
sign in to comment!
No comments posted yet!